[Event "9. Korbacher Open 2017"]
[Site "Korbach"]
[Date "2017.10.21"]
[Round "4"]
[White "Koellner, Ruben Gideon"]
[Black "Dudink, Bas"]
[Result "1-0"]
[ECO "D10"]
[WhiteElo "2148"]
[BlackElo "1951"]
[Annotator "NA"]
[PlyCount "119"]
[EventDate "2017.??.??"]
[EventType "swiss"]
[EventCountry "GER"]
[SourceTitle "playchess.com"]
[Source "ChessBase"]
[SourceQuality "1"]
[TimeControl "40/5400+30:1800+30"]

1. d4 d5 2. c4 c6 3. cxd5 cxd5 4. Nc3 Nf6 5. f3 {[%emt 0:00:03] LiveBook: 26 Games D10: Slav Defence: 3 cxd5 (without early Nf3) and 3 Nc3} (5. Bf4 Nc6 6. e3 Bf5 7. Qb3 Na5 8. Qa4+ Bd7 9. Qc2 e6 10. Bd3 Be7 11. Nf3 Nc6 12. a3 Nh5 13. Be5 f6 14. Bf4 Nxf4 15. exf4 g6 {½-½ (80) Rapport,R (2675)-Najer,E (2707) Tbilisi 2017}) 5... e6 6. Bg5 Nc6 7. e3 Be7 8. Bd3 O-O 9. Nge2 h6 $146 ({Predecessor:} 9... Ne8 10. Bxe7 Qxe7 11. Qd2 b6 12. O-O Nb4 {0-1 (25) Labahn,W (2179)-Jeske,E (2270) Germany 2005}) 10. Bh4 b6 11. a3 Na5 12. b4 Nc4 13. Bxc4 dxc4 14. O-O a6 15. Bf2 Qd7 16. e4 Bb7 17. Qc2 b5 18. Rfd1 Rfd8 19. Be3 Qc7 20. Kh1 Bc6 21. Rab1 a5 22. Qb2 axb4 23. axb4 Qb7 24. Ra1 Rxa1 25. Rxa1 Ra8 26. Rxa8+ Qxa8 27. Kg1 $1 $11 Ne8 ({Black should try} 27... Kh7 $15) 28. Bf4 (28. d5 $5 exd5 29. exd5 $15) 28... Nf6 ({Better is} 28... Qb7 $15) 29. Bc7 Qa7 30. Ba5 {[%emt 0:00:53] [#]} ({White should play} 30. Bg3 $15) 30... Nd7 (30... e5 $1 $19 31. Qd2 {[#]} Ng4 $1 ) 31. Kf1 Qb7 32. Qd2 Nf6 33. Nf4 g5 34. Nfe2 Kg7 35. Qe3 Qb8 {[%emt 0:02:36] [#]} 36. d5 $1 Bd7 37. Kg1 Bd6 38. g3 exd5 39. exd5 Qe8 40. Qxe8 Bxe8 41. Kf2 Kf8 42. Ke3 Ke7 43. Kd4 Nh5 44. Ne4 $14 Bb8 45. Bb6 f5 46. Bc5+ Kd7 47. N4c3 Kd8 48. d6 Bc6 49. Ke5 Ng7 50. Nd4 Kd7 51. f4 gxf4 52. gxf4 h5 53. h4 Be4 54. Ndxb5 Bd3 55. Nd5 Ne8 56. Nb6+ Kc6 57. Nd4+ Kb7 58. Nd7 Ba7 59. Bxa7 Kxa7 60. Nc5 1-0

[Event "9. Korbacher Open 2017"]
[Site "Korbach"]
[Date "2017.10.21"]
[Round "4"]
[White "Thomas, Ingo"]
[Black "Wachsmann, Dietmar"]
[Result "1/2-1/2"]
[ECO "C00"]
[WhiteElo "2129"]
[BlackElo "1930"]
[Annotator "NA"]
[PlyCount "72"]
[EventDate "2017.??.??"]
[EventType "swiss"]
[EventCountry "GER"]
[SourceTitle "playchess.com"]
[Source "ChessBase"]
[SourceQuality "1"]
[TimeControl "40/5400+30:1800+30"]

1. e4 e6 2. d4 c5 3. d5 exd5 4. exd5 d6 5. Nc3 Nf6 6. Be2 {[%emt 0:03:04] A43: Schmid Benoni} (6. Nf3 g6 7. Be2 Bg7 8. O-O O-O 9. Bg5 h6 10. Bh4 Re8 11. Re1 a6 12. a4 Nbd7 13. Bf1 Rxe1 14. Qxe1 {½-½ (89) Lugovskoy,M (2474)-Papenin,N (2334) Sochi 2017}) 6... Nbd7 7. Nf3 Be7 8. O-O a6 9. a4 b6 10. Re1 O-O 11. h3 Bb7 12. Bf4 Re8 13. Qd2 $146 ({Predecessor:} 13. Bg3 Ne5 14. Nxe5 dxe5 15. Bxe5 Nxd5 16. Nxd5 Bxd5 {1-0 (24) Lin,K (1886)-Fouard,D Stillwater 2009}) 13... Qc7 14. Bc4 Bf8 15. Qd3 g6 16. Rxe8 Nxe8 17. Re1 Nef6 (17... Ndf6 $11 {remains equal.}) 18. Qd2 Re8 19. Rxe8 Nxe8 20. Bh6 Ng7 21. Ne4 Be7 22. Bg5 Bf8 23. Nf6+ (23. Qd3 $14) 23... Nxf6 24. Bxf6 Qd7 25. Bb3 Qf5 26. Bg5 b5 27. axb5 (27. c4 $11 {keeps the balance.}) 27... axb5 28. c4 bxc4 29. Bxc4 Ne8 30. Bd8 Nf6 31. Bxf6 Qxf6 32. b3 Qf5 33. Nh2 Bg7 34. Ng4 {[%emt 0:01:21] [#]} (34. Qa5 $15) 34... h5 (34... Qb1+ $142 $1 35. Kh2 h5) 35. Ne3 Qb1+ 36. Nf1 $17 Qe4 1/2-1/2

[Event "9. Korbacher Open 2017"]
[Site "Korbach"]
[Date "2017.10.21"]
[Round "4"]
[White "Heinemann, Ernst"]
[Black "Van der Meiden, Dirk"]
[Result "1/2-1/2"]
[ECO "C29"]
[WhiteElo "2099"]
[BlackElo "1958"]
[Annotator "NA"]
[PlyCount "132"]
[EventDate "2017.??.??"]
[EventType "swiss"]
[EventCountry "GER"]
[SourceTitle "playchess.com"]
[Source "ChessBase"]
[SourceQuality "1"]
[TimeControl "40/5400+30:1800+30"]

1. e4 Nf6 2. Nc3 e5 3. f4 d5 4. fxe5 Nxe4 5. Qf3 Nxc3 {[%emt 0:03:53] C29: Vienna Game: 2...Nf6 3 f4} (5... f5 6. d3 Nxc3 7. bxc3 c5 8. Qg3 Nc6 9. Nf3 g6 10. Be2 Bg7 11. O-O O-O 12. d4 Re8 13. a4 Qb6 {0-1 (41) Barskij,V (2386)-Ozgibcev,A (2376) Sochi 2017}) 6. dxc3 Be7 {[%emt 0:01:07] LiveBook: 3 Games} 7. Bd3 c6 8. Ne2 Nd7 $146 ({Predecessor:} 8... Be6 9. O-O Nd7 10. Qg3 Qc7 11. Nd4 O-O-O 12. Bf5 Bc5 13. b4 {½-½ (28) Hoeckendorf,H (2245)-Goebel,W (2175) Germany 1998}) 9. Bf4 Nc5 10. O-O Nxd3 11. cxd3 O-O 12. Qe3 Be6 13. b3 Qd7 14. Qg3 Rfe8 15. Bh6 Bf8 16. Rae1 Bg4 17. Bg5 Bxe2 (17... f6 $5 18. Bf4 fxe5 19. Bxe5 Rxe5 20. Qxe5 Re8 $11) 18. Rxe2 d4 19. c4 f5 20. Ref2 (20. h4 $16) 20... g6 21. h4 (21. Bf6 $5 ) 21... Bg7 22. Bf4 Re6 23. Re2 Rae8 24. Rfe1 Qe7 25. Bg5 Qc5 26. Bf4 h6 27. Kf1 Qe7 28. Kg1 Kh7 29. Kh1 Qd8 30. Qh3 Kg8 31. Kg1 Bf6 32. h5 Bg5 33. Bxg5 ({White should play} 33. hxg6 $14 Rf8 34. Rf1) 33... Qxg5 34. hxg6 Kg7 35. Qf3 Kxg6 36. b4 Qg4 37. Qxg4+ fxg4 38. g3 Kg5 39. Re4 h5 40. Kg2 b6 41. c5 {[%emt 0:33:25] [#]} (41. Rxd4 $11 Rxe5 42. Rxe5+ Rxe5 43. Re4) 41... bxc5 $1 42. bxc5 Rd8 43. R1e2 Rd5 44. Kf2 Rxc5 45. Rxd4 Rcxe5 46. Rxe5+ Rxe5 47. Ra4 Rf5+ 48. Kg2 $19 Rc5 49. Rxa7 Rc2+ 50. Kg1 h4 51. Rg7+ Kf5 52. Rf7+ Ke5 53. Rf4 Rxa2 54. Re4+ Kf5 55. gxh4 Rd2 56. Rc4 Rxd3 57. Rxc6 Kf4 58. Rc1 Kg3 59. h5 Rd6 60. h6 Rxh6 61. Rc3+ Kh4 62. Kg2 Ra6 63. Rc2 Ra4 64. Rb2 Ra3 65. Rc2 Rg3+ 66. Kh2 Ra3 1/2-1/2

[Event "9. Korbacher Open 2017"]
[Site "Korbach"]
[Date "2017.10.21"]
[Round "4"]
[White "Hoekstra, Peter"]
[Black "Koerber, Thomas"]
[Result "1-0"]
[ECO "B08"]
[WhiteElo "2074"]
[BlackElo "1857"]
[Annotator "NA"]
[PlyCount "91"]
[EventDate "2017.??.??"]
[EventType "swiss"]
[EventCountry "GER"]
[SourceTitle "playchess.com"]
[Source "ChessBase"]
[SourceQuality "1"]
[TimeControl "40/5400+30:1800+30"]

1. e4 g6 2. d4 d6 3. Nc3 Bg7 4. Be3 Nf6 5. h3 O-O 6. Nf3 c6 7. a4 a5 8. Be2 {[%emt 0:00:57] LiveBook: 177 Games} Qc7 9. O-O Rd8 {[%emt 0:00:30] B08: Pirc Defence: Classical System} 10. Nd2 $146 ({Predecessor:} 10. Qc1 Na6 11. Bc4 Nb4 12. Bb3 d5 13. Bf4 Qb6 14. e5 Nd7 15. Bh6 Nf8 16. Ne2 Na6 17. Rd1 {½-½ (42) Kuzmin,G (2508)-Matjushin,G (2416) Alushta 2003}) 10... Nbd7 11. Ncb1 (11. Qe1 $16) 11... b6 (11... e5 $11) 12. c3 Bb7 ({Better is} 12... e5 $11) 13. Qc2 e5 14. Na3 Rac8 15. f4 Bh6 (15... exd4 $11 16. Bxd4 (16. cxd4 Re8 $11) 16... Re8) 16. g4 (16. Qd3 $16) 16... exf4 17. Bxf4 Bxf4 18. Rxf4 d5 19. Raf1 dxe4 $1 20. Nxe4 Nxe4 21. Qxe4 Re8 22. Qg2 Re7 {[%emt 0:01:35] [#]} (22... c5 $11 {bleibt in der Remisbreite.} 23. d5 Bxd5 24. Qxd5 Rxe2) 23. Qf2 (23. Bc4 $1 $16 Rf8 24. Qh2) 23... Rf8 24. Bc4 Nb8 {[%emt 0:00:51] [#]} 25. Nb1 ({Better is} 25. h4 $1 $16) 25... Qd7 26. Rf6 b5 27. Ba2 Na6 $2 {[%emt 0:05:51] [#]} (27... bxa4 $11 {and Black stays safe.} 28. Bc4 Qe8) 28. Nd2 $1 Nc7 (28... c5 $142 29. axb5 (29. dxc5 Nxc5 30. axb5 Nd3 $14) 29... Nc7 30. dxc5 Nxb5) 29. Ne4 Ne8 ({But not} 29... Rxe4 $2 30. Bxf7+ Rxf7 31. Rxf7) 30. Nc5 Nxf6 31. Nxd7 Nxd7 32. d5 cxd5 33. axb5 Ne5 34. Qd4 Rd8 35. c4 Rc8 36. c5 Nc4 37. Bxc4 dxc4 38. c6 Ba8 39. Qxc4 Bxc6 40. bxc6 Rec7 41. Rc1 Rb8 42. Qf4 Rbc8 43. b3 Rxc6 44. Rxc6 Rxc6 45. Qg5 Rc3 46. Qd8+ {[%emt 0:00:15] Rc2} 1-0

[Event "9. Korbacher Open 2017"]
[Site "Korbach"]
[Date "2017.10.21"]
[Round "4"]
[White "Koellner, Christof"]
[Black "Nielsen, Klaus"]
[Result "1/2-1/2"]
[ECO "D02"]
[WhiteElo "2073"]
[BlackElo "2092"]
[Annotator "NA"]
[PlyCount "104"]
[EventDate "2017.??.??"]
[EventType "swiss"]
[EventCountry "GER"]
[SourceTitle "playchess.com"]
[Source "ChessBase"]
[SourceQuality "1"]
[TimeControl "40/5400+30:1800+30"]

1. d4 d5 2. Nf3 e6 3. e3 Bd6 4. b3 f5 5. c4 c6 6. Bd3 Nf6 7. O-O Qe7 8. a4 {[%emt 0:00:16] LiveBook: 91 Games} Nbd7 {[%emt 0:08:21] A84: Dutch Defence: 2 c4 Miscellaneous} (8... a5 9. Ba3 Bxa3 10. Nxa3 O-O 11. Nc2 b6 12. Ne5 Bb7 13. cxd5 Nxd5 14. Na3 Na6 15. Bxa6 Bxa6 16. Nac4 Rac8 17. Nd3 Rfd8 18. Qe1 Bxc4 19. bxc4 {½-½ (71) Inarkiev,E (2686)-Yudin,S (2530) Cheliabinsk 2016}) 9. Ba3 Bxa3 10. Nxa3 Ne4 11. Nd2 O-O 12. f3 Nxd2 $146 13. Qxd2 e5 14. cxd5 cxd5 15. Nb5 Nf6 16. dxe5 Qxe5 17. Rac1 a6 18. Nd4 f4 19. Rfe1 Bd7 20. Bf1 fxe3 21. Qxe3 Qd6 22. Qe7 Qb6 23. Qc5 Qxc5 24. Rxc5 Rac8 25. Rec1 Rxc5 26. Rxc5 Rc8 27. Rxc8+ Bxc8 28. Kf2 Kf7 29. Ke3 Ke7 30. Bd3 g6 31. h4 Be6 32. b4 Nd7 33. a5 Ne5 34. Be2 ({Much weaker is} 34. Nxe6 Kxe6 35. Kd4 Kd6 $14) 34... Bd7 35. g4 h6 {[%emt 0:02:38] [#]} 36. g5 $1 hxg5 37. hxg5 Kd6 38. Bd1 (38. f4 $16 Nc4+ 39. Kf2) 38... Nc4+ $1 39. Kf4 Be8 40. Bc2 Ne5 41. Kg3 Bf7 42. f4 Nc6 $16 43. Nxc6 bxc6 44. f5 gxf5 45. Kf4 c5 46. bxc5+ Kxc5 47. Kxf5 Kb4 48. Kf6 Bh5 49. Ke5 Kxa5 50. Bd3 Kb6 51. Kxd5 a5 52. Kd4 Kc6 1/2-1/2

[Event "9. Korbacher Open 2017"]
[Site "Korbach"]
[Date "2017.10.21"]
[Round "4"]
[White "Rutz, Matthias"]
[Black "Trienekens, Tjark"]
[Result "0-1"]
[ECO "A43"]
[WhiteElo "2046"]
[BlackElo "1865"]
[Annotator "NA RC"]
[PlyCount "60"]
[EventDate "2017.??.??"]
[EventType "swiss"]
[EventCountry "GER"]
[SourceTitle "playchess.com"]
[Source "ChessBase"]
[SourceQuality "1"]
[TimeControl "40/5400+30:1800+30"]

1. d4 c5 2. c3 e6 3. Nf3 Nc6 4. Bf4 Qb6 {LiveBook: 7 Games A43: Schmid Benoni} (4... cxd4 5. cxd4 Qb6 6. Qd2 Nf6 7. Nc3 d5 8. e3 Ne4 9. Qc2 Bd7 10. Be2 Rc8 11. O-O Be7 12. h3 {0-1 (36) Usmanov,V (2443)-Andreikin,D (2723) Sochi 2017}) 5. Qd2 Nf6 6. e3 Nh5 $146 ({Predecessor:} 6... d5 7. Bd3 Be7 8. Ne5 O-O 9. Qe2 c4 10. Bc2 Rd8 11. b3 cxb3 12. axb3 {0-1 (27) Vasicek,T (2064)-Sosovicka,J (2000) Kouty nad Desnou 2017}) 7. Be5 Nxe5 8. dxe5 ({Don't play} 8. Nxe5 $6 Nf6 $11) 8... Qc6 9. Na3 a6 10. Be2 d6 $2 (10... g6 $16) 11. g4 dxe5 12. gxh5 e4 13. Ng1 Be7 14. c4 Rb8 15. Qc2 b5 16. cxb5 (16. O-O-O $18) 16... axb5 17. Nb1 O-O 18. Nd2 f5 19. Nh3 e5 20. f4 exf3 $1 21. Bxf3 Bh4+ 22. Nf2 $1 e4 23. Bg2 f4 (23... Qh6 $5 24. Qxc5 Bg5 $11) 24. Bxe4 Bxf2+ 25. Kxf2 fxe3+ 26. Ke2 Bg4+ 27. Kxe3 Qh6+ 28. Kd3 Rfd8+ 29. Kc3 Qe3+ 30. Bd3 Qd4+ {[%emt 0:00:32] Qd1} 0-1

[Event "9. Korbacher Open 2017"]
[Site "Korbach"]
[Date "2017.10.21"]
[Round "4"]
[White "Dijkhuis, Oele"]
[Black "Stork, Oliver"]
[Result "1-0"]
[ECO "B19"]
[WhiteElo "2035"]
[BlackElo "2176"]
[Annotator "RC"]
[PlyCount "85"]
[EventDate "2017.??.??"]
[EventType "swiss"]
[EventCountry "GER"]
[SourceTitle "playchess.com"]
[Source "ChessBase"]
[SourceQuality "1"]
[TimeControl "40/5400+30:1800+30"]

1. e4 c6 2. d4 d5 3. Nc3 dxe4 4. Nxe4 Bf5 5. Ng3 Bg6 6. h4 h6 7. Nf3 Nd7 8. h5 Bh7 9. Bd3 Bxd3 10. Qxd3 e6 11. Bd2 Ngf6 12. O-O-O Be7 13. Ne4 Nxe4 14. Qxe4 Nf6 15. Qd3 c5 16. Qb5+ Qd7 17. Qxd7+ Nxd7 18. Be3 Nf6 19. dxc5 Rc8 20. b4 a5 21. a3 O-O 22. Kb2 axb4 23. axb4 Nd5 24. Bd2 b6 25. c4 Nf6 26. cxb6 Rxc4 27. Ne5 Re4 28. Nc6 Nd5 29. b7 Bd6 30. Be3 Bc7 31. Bc5 Re8 32. Ra1 Re2+ 33. Kb3 Rd2 34. Ra3 Kh7 35. Ra8 Nf6 36. Be7 Rg8 37. Rxg8 Kxg8 38. Bxf6 gxf6 39. b8=Q+ Bxb8 40. Nxb8 Rxf2 41. b5 Rd2 42. Nc6 Kf8 43. Ra1 1-0

[Event "9. Korbacher Open 2017"]
[Site "Korbach"]
[Date "2017.10.21"]
[Round "4"]
[White "Van Randtwijk, Mick"]
[Black "Sanati, Charlotte"]
[Result "0-1"]
[ECO "B90"]
[WhiteElo "2028"]
[BlackElo "2098"]
[Annotator "NA"]
[PlyCount "77"]
[EventDate "2017.??.??"]
[EventType "swiss"]
[EventCountry "GER"]
[SourceTitle "playchess.com"]
[Source "ChessBase"]
[SourceQuality "1"]
[TimeControl "40/5400+30:1800+30"]

1. e4 c5 2. Nf3 d6 3. d4 cxd4 4. Nxd4 Nf6 5. Nc3 a6 6. Be3 e5 7. Nf3 Be7 8. Bc4 {[%emt 0:00:16] LiveBook: 1332 Games} O-O 9. O-O Qc7 10. Bb3 {[%emt 0:00:36] B90: Sizilianisch (Najdorf-Variante, Abweichungen)} Bg4 (10... Be6 11. Nh4 g6 12. Bh6 Re8 13. Qd2 Nbd7 14. Nf5 Bxb3 15. axb3 Nc5 16. Rae1 Ne6 17. Ne3 Rac8 18. h3 Bf8 19. Bxf8 Rxf8 {1-0 (46) Giri,A (2755)-Anand,V (2776) Moscow 2016}) 11. h3 Bh5 {[%emt 0:01:25] [#]} (11... Be6 $14) 12. a4 $146 (12. g4 $1 $16 Bg6 13. Nh4) ({Vorgänger:} 12. Bg5 Nbd7 13. Bxf6 Nxf6 14. Qd3 Bxf3 15. Qxf3 b5 16. Nd5 Nxd5 17. Bxd5 Rac8 {1-0 (53) Lobejko,R (2215)-Fojudzki,T Poland 1996}) 12... Nbd7 13. a5 (13. g4 $5 Bg6 14. Nh4 $14) 13... Nc5 14. Nd5 Nxd5 15. Bxd5 Rac8 16. Ra3 Kh8 17. c4 f5 ({Better is} 17... h6 $14) 18. Bxc5 dxc5 19. exf5 Rcd8 20. Qc2 Bxf3 21. Bxf3 Rd4 22. Rb3 Rb8 23. Rb6 Bg5 24. Bd5 Qd7 25. Re1 Bf6 26. Re3 Bd8 27. Re6 Bc7 28. f6 gxf6 29. Rxf6 Rxd5 30. cxd5 Rg8 31. Ref3 Qg7 32. g3 Bxa5 33. Rf7 Qh6 34. Rxb7 (34. Qf5 $142 Ra8 35. Qxe5+ Kg8 36. Rxb7 Rf8 37. Rxf8+ Qxf8 38. Qe6+ Kh8 39. Qe4) 34... Qxh3 35. Qe4 Qh5 36. Rff7 Qd1+ 37. Kg2 Rxg3+ 38. fxg3 Qd2+ 39. Rf2 0-1

[Event "9. Korbacher Open 2017"]
[Site "Korbach"]
[Date "2017.10.21"]
[Round "4"]
[White "Li, Zhuoling"]
[Black "Bayer, Martin"]
[Result "1-0"]
[ECO "C88"]
[WhiteElo "2007"]
[BlackElo "1732"]
[Annotator "NA"]
[PlyCount "112"]
[EventDate "2017.??.??"]
[EventType "swiss"]
[EventCountry "GER"]
[SourceTitle "playchess.com"]
[Source "ChessBase"]
[SourceQuality "1"]
[TimeControl "40/5400+30:1800+30"]

1. e4 e5 2. Nf3 Nc6 3. Bb5 a6 4. Ba4 Nf6 5. O-O b5 6. Bb3 Be7 7. Re1 d6 8. c3 Na5 9. Bc2 c5 {[%emt 0:00:13] LiveBook: 169 Games} 10. d4 cxd4 11. cxd4 Qc7 12. h3 O-O 13. Nc3 Bb7 14. Bd3 {[%emt 0:11:44] C96: Closed Ruy Lopez: Chigorin Defence: 11 d4, replies other than 11...Qc7} (14. d5 Nc4 15. Ne2 Nd7 16. Ng3 Rfc8 17. Re2 g6 18. b3 Ncb6 19. Ne1 a5 20. Bd3 b4 21. Be3 Qd8 {½-½ (81) Sengupta,D (2571)-Yilmaz,M (2570) Iasi 2015}) 14... Rfc8 $146 ({Predecessor:} 14... Rac8 15. d5 Nd7 16. Ne2 f5 17. exf5 Bxd5 18. Nc3 Bb7 19. Be4 Bxe4 20. Nxe4 Nb6 21. Bg5 d5 22. Bxe7 Qxe7 {1-0 (45) Jaederholm,B (2461)-Leite,D (2412) ICCF email 2008}) 15. Bg5 h6 16. Bh4 Nc4 17. Bxc4 bxc4 18. Bg3 Nd7 19. dxe5 Nxe5 20. Nxe5 dxe5 21. Nd5 Qd6 22. Qh5 f6 23. Rad1 Qe6 24. f4 Rc5 25. fxe5 Bxd5 26. exd5 Rxd5 27. Rxd5 Qxd5 28. Qg4 Rd8 29. Rc1 Qd4+ 30. Qxd4 Rxd4 31. Kf1 Kf7 32. exf6 Bxf6 33. Ke2 Ke6 34. Rc2 Kd5 35. Bf2 Rd3 36. Be1 g6 37. Bf2 Be5 38. b3 Rc3 39. Rd2+ Ke4 40. b4 $2 (40. bxc4 $11 {and White has nothing to worry.} Rxc4 41. Rd3) 40... Rd3 (40... Rc1 $19 41. Be3 Rb1 42. Bxh6 c3) 41. Rxd3 cxd3+ 42. Kd2 Bf4+ 43. Kc3 d2 44. Kc2 Kd5 45. g3 Bd6 46. a3 Kc4 $11 47. Kxd2 Kb3 48. Kd3 Kxa3 49. Bc5 Bxg3 50. b5+ Kb3 51. bxa6 Bb8 52. a7 Bxa7 53. Bxa7 g5 54. Be3 Kb4 55. Ke4 Kc4 56. Kf5 Kd5 {[%emt 0:00:00] Ke4+} 1-0

[Event "9. Korbacher Open 2017"]
[Site "Korbach"]
[Date "2017.10.21"]
[Round "4"]
[White "Maar, Samuel"]
[Black "Ohst, Holger"]
[Result "1-0"]
[ECO "B40"]
[WhiteElo "1998"]
[BlackElo "1986"]
[Annotator "NA"]
[PlyCount "145"]
[EventDate "2017.??.??"]
[EventType "swiss"]
[EventCountry "GER"]
[SourceTitle "playchess.com"]
[Source "ChessBase"]
[SourceQuality "1"]
[TimeControl "40/5400+30:1800+30"]

1. e4 c5 2. Nf3 e6 3. d4 cxd4 4. Nxd4 Nf6 5. Nc3 Nc6 6. a3 d5 7. exd5 {[%emt 0:03:13] LiveBook: 11 Games B45: Sicilian Four Knights} (7. Bb5 Bd7 8. exd5 exd5 9. O-O Be7 10. Re1 O-O 11. Bg5 Re8 12. Qd3 h6 13. Bh4 Rc8 14. Rad1 Nxd4 15. Bxd7 Nxd7 16. Bxe7 Rxe7 17. Qxd4 Nb6 18. b3 Qe8 19. Kf1 {1-0 (53) Navara,D (2735)-Krasenkow,M (2610) Drancy 2016}) 7... exd5 8. Be2 Bc5 9. Be3 Qe7 10. O-O O-O 11. Bf3 Be6 $146 ({Predecessor:} 11... Rd8 12. Re1 Ne5 13. Bf4 Nxf3+ 14. Qxf3 Bg4 {0-1 (49) Hua,A (2005)-Todortsev,V (1910) San Francisco 2013}) 12. Re1 Nxd4 13. Bxd4 Bxd4 14. Qxd4 Qd7 15. Rad1 Rfd8 16. h3 h6 17. Re2 b6 18. Red2 Rac8 19. Qe5 Qc7 20. Qxc7 Rxc7 21. Nb5 Rcd7 22. Nd4 a6 23. Nc6 Rc8 24. Ne5 Rdc7 25. c3 a5 26. g4 g5 27. Re1 Kg7 28. Bg2 Rh8 29. Nf3 Ne4 30. Rdd1 h5 31. Nd4 Nc5 {[%emt 0:01:19] [#]} (31... Bc8 $14) 32. b4 ({White should try} 32. Bxd5 $1 Bc8 33. f3) 32... Ne4 33. Bxe4 dxe4 34. Rxe4 Kf6 (34... Bc8 $14) 35. Nxe6 fxe6 36. Rd6 Re8 37. c4 ({Resist} 37. gxh5 $6 Rxc3 38. Re3 (38. Rxb6 axb4 39. a4 Rxh3 $16) 38... Rxe3 $16) 37... axb4 38. axb4 hxg4 39. hxg4 Rb7 40. Kg2 Ree7 41. Kg3 Kf7 42. Re5 Kf6 43. f4 gxf4+ 44. Kxf4 Re8 45. g5+ Kf7 46. Rc6 $18 Rbb8 47. Rb5 Rec8 48. Rxc8 Rxc8 49. Rxb6 Rxc4+ 50. Ke5 Kg6 51. Kxe6 Kxg5 52. Kd5 Rc1 53. Rc6 Rb1 54. Kc5 Kf5 55. b5 Ke5 56. Kb6 Kd5 57. Ka6 Rb2 58. Rc1 Kd6 59. b6 Rb3 60. Kb7 Rb2 61. Rd1+ Ke7 62. Rc1 Kd6 63. Rd1+ Ke6 64. Rd4 Ke5 65. Rc4 Kd6 66. Ra4 Kc5 67. Ra5+ Kd6 68. Ra6 Kd7 69. Kb8 Rb1 70. b7 Rb2 71. Ra3 Kc6 72. Ka8 Kc7 73. Rc3+ 1-0

[Event "9. Korbacher Open 2017"]
[Site "Korbach"]
[Date "2017.10.21"]
[Round "4"]
[White "Tschoepe, Nino"]
[Black "Van de Griend, Johan"]
[Result "1/2-1/2"]
[ECO "D35"]
[WhiteElo "1978"]
[BlackElo "1797"]
[Annotator "NA RC"]
[PlyCount "64"]
[EventDate "2017.??.??"]
[EventType "swiss"]
[EventCountry "GER"]
[SourceTitle "playchess.com"]
[Source "ChessBase"]
[SourceQuality "1"]
[TimeControl "40/5400+30:1800+30"]

1. d4 d5 2. c4 e6 3. Nc3 Nf6 4. cxd5 exd5 5. Bg5 Be7 6. e3 c6 7. Bd3 Nbd7 8. Nge2 O-O 9. Qc2 Re8 10. O-O Nf8 11. f3 h6 12. Bh4 {[%emt 0:00:15] LiveBook: 109 Partien} N6h7 {[%emt 0:03:29] D36: Queen's Gambit Declined: Exchange Variation: Main line (5 Bg5 c6 6 Qc2)} 13. Bxe7 Qxe7 14. e4 Be6 {[%emt 0:05:05] [#]} (14... dxe4 $1 $14 15. fxe4 Rd8) 15. Rae1 (15. e5 $1 $16) 15... Rac8 $146 {[%emt 0:05:02] [#]} ({Black should play} 15... dxe4 $1 $14 16. fxe4 Nf6) ({Predecessor:} 15... Qd7 16. Na4 b6 17. b4 Qb7 18. e5 Bd7 19. f4 Rac8 20. f5 {1-0 (37) Popiol,M (1821)-Bilczewski,K (1531) Rewal 2011}) 16. e5 $1 c5 17. f4 cxd4 (17... g6 $142) 18. Nxd4 Qc5 19. Qf2 g6 $2 (19... Bd7 20. Ndb5 Bxb5 21. Nxb5 Qxf2+ 22. Rxf2 Red8) 20. Ncb5 Re7 21. Nd6 Rcc7 22. Kh1 f5 23. exf6 Nxf6 24. N6b5 Rc8 25. f5 gxf5 26. Qh4 $2 (26. Qg3+ $18 Kh8 27. Qe5) 26... Ne4 27. Nxf5 $4 ({Not} 27. Bxe4 dxe4 28. Qxh6 Qe5 $14) (27. b4 $18 {is the narrow road to win.} Qxb4 28. g4 (28. Bxe4 dxe4 29. Qxh6 Rh7 $11)) 27... Bxf5 28. Rxf5 {[#]} Nf2+ $19 29. Qxf2 Qxf2 30. Rxf2 Rxe1+ 31. Rf1 Rxf1+ 32. Bxf1 Rc7 1/2-1/2

[Event "9. Korbacher Open 2017"]
[Site "Korbach"]
[Date "2017.10.21"]
[Round "4"]
[White "Nemetz, Markus"]
[Black "Schmidt, Andre"]
[Result "0-1"]
[ECO "E84"]
[WhiteElo "1951"]
[BlackElo "2154"]
[Annotator "NA"]
[PlyCount "80"]
[EventDate "2017.??.??"]
[EventType "swiss"]
[EventCountry "GER"]
[SourceTitle "playchess.com"]
[Source "ChessBase"]
[SourceQuality "1"]
[TimeControl "40/5400+30:1800+30"]

1. d4 Nf6 2. c4 g6 3. Nc3 Bg7 4. e4 d6 5. f3 Nc6 6. Be3 a6 7. Nge2 O-O 8. Qd2 Rb8 9. Nc1 e5 10. d5 Nd4 11. Nb3 c5 {[%emt 0:09:41] LiveBook: 42 Games E84: King's Indian: Sämisch Panno: 7 Nge2 a6 8 Qd2 Rb8} (11... Nxb3 12. axb3 c5 13. g4 h5 14. h3 Nh7 15. Bd3 h4 16. g5 f6 17. gxf6 Qxf6 18. Be2 b5 19. O-O-O Bd7 20. Rdg1 bxc4 21. Bxc4 Qxf3 {1-0 (44) Zhou,J (2636)-Ding,L (2654) Hefei 2011}) 12. dxc6 $1 Nxb3 13. axb3 (13. c7 $5 Qxc7 14. axb3 $14) 13... bxc6 14. Ra3 Re8 $146 ({Predecessor:} 14... Bb7 15. b4 Ne8 16. Be2 Nc7 17. O-O Ne6 18. Rd1 Nd4 19. c5 Qe7 20. cxd6 Qxd6 {0-1 (50) Jayakumar,A (2090)-Kawuma,S (2187) Caleta 2010}) 15. Be2 Bf8 16. O-O (16. Ra2 $11) 16... Qc7 ({Black should try} 16... d5 $1 $17 17. cxd5 Bxa3 18. bxa3 cxd5 19. Nxd5 Nxd5 20. exd5 Rxb3) 17. c5 Nd7 18. Bc4 Nxc5 19. f4 (19. Bxc5 $142 dxc5 20. Rd1) 19... exf4 20. Rxf4 {[%emt 0:03:24] [#]} Be6 $1 21. Bxe6 Nxe6 22. Rf2 Bg7 23. b4 Qb7 24. Qxd6 Rbd8 ({Don't play} 24... Qxb4 25. Qxc6 Rec8 26. Qd7 $17) 25. Qg3 Rd3 ({But not} 25... Qxb4 26. Qf3 $17) 26. Ne2 (26. Ra1 $142) 26... Red8 27. Rxd3 Rxd3 28. Nf4 Rd1+ (28... Be5 $19 {has better winning chances.} 29. Nxd3 Bxg3 30. hxg3 c5 31. Bxc5 Qxe4) 29. Rf1 {[%emt 0:00:07] [#]} Rxf1+ (29... Nxf4 $1 $19 {[%mdl 512] is more deadly.} 30. Qxf4 (30. Bxf4 Bd4+) 30... Rxf1+ 31. Kxf1 Qxb4) 30. Kxf1 Be5 ({Don't do} 30... Qxb4 31. Nxe6 fxe6 32. Qg4 $19) 31. Qf3 Qb5+ ({Weaker is} 31... Bxb2 32. Nxe6 fxe6 33. Qg4 $17) 32. Kf2 Ng5 33. Qd1 Nxe4+ 34. Kg1 Qb8 35. g3 Qd6 ({Resist} 35... Bxb2 36. Qd7) 36. Qc2 Nf6 37. Kg2 (37. Bc5 {is a better defense.} Bd4+ 38. Kf1 Bxc5 39. bxc5) 37... Bxf4 $19 38. Bxf4 Qd5+ 39. Kg1 Qd4+ 40. Kg2 Qe4+ 0-1